 Dungeon Crawl Stone Soup version 0.29-a0-330-g52719c12eb (webtiles) character file.

Game seed: 13081880371428095915

4064 Armakuni the Destroyer (level 10, -9/63 HPs)
             Began as a Human Conjurer on Apr 16, 2022.
             Was a Follower of Vehumet.
             Shot with a bolt by something (15 damage)
             ... on level 7 of the Dungeon.
             The game lasted 00:22:33 (7630 turns).

Armakuni the Destroyer (Human Conjurer)             Turns: 7630, Time: 00:22:33

Health: -9/63      AC:  4    Str:  7    XL:     10   Next: 49%
Magic:  22/22      EV: 12    Int: 24    God:    Vehumet [*.....]
Gold:   723        SH:  0    Dex: 11    Spells: 20/26 levels left

rFire   + . .      SeeInvis .   a - +1 whip (drain)
rCold   + + .      Faith    .   (no shield)
rNeg    + + .      Spirit   .   n - +0 robe
rPois   +          Reflect  .   y - +1 helmet of Boredom {rPois rN++}
rElec   .          Harm     .   w - scarf {rC+ rF+}
rCorr   .          Rampage  .   (no gloves)
Will    .....                   (no boots)
Stlth   ++........              M - amulet of magic regeneration
HPRegen 0.20/turn               J - ring of protection from cold
MPRegen 0.58/turn               S - +4 ring of slaying

@: no status effects
A: no striking features
a: Renounce Religion


You were on level 7 of the Dungeon.
You worshipped Vehumet.
Vehumet was aware of your devotion.
You visited 2 branches of the dungeon, and saw 8 of its levels.

You collected 1159 gold pieces.
You spent 436 gold pieces at shops.

Inventory:

Hand Weapons
 a - a +1 whip of draining (weapon)
Missiles
 f - 9 poisoned darts
Armour
 n - a +0 robe (worn)
 u - a +0 buckler
 w - a scarf of resistance (worn)
 x - a scarf of invisibility
 y - the +1 helmet of Boredom (worn) {rPois rN++}
   (You bought it in a shop on level 4 of the Dungeon)

   rPois:     It protects you from poison.
   rN:        It greatly protects you from negative energy.
Magical Staves
 l - a staff of fire
 o - a staff of cold
Jewellery
 F - a ring of fire
 H - an amulet of reflection
 J - a ring of protection from cold (left hand)
 L - a ring of flight
 M - an amulet of magic regeneration (around neck)
 S - a +4 ring of slaying (right hand)
Wands
 j - a wand of iceblast (3)
 m - a wand of mindburst (3)
 p - a wand of polymorph (11)
Scrolls
 c - 2 scrolls of vulnerability
 d - a scroll of amnesia
 h - a scroll of immolation
 i - 3 scrolls of teleportation
 t - a scroll of blinking
 z - a scroll of identify
 A - a scroll of enchant armour
Potions
 b - a potion of flight
 e - a potion of lignification
 g - a potion of haste
 q - a potion of might
 r - 2 potions of mutation
 s - a potion of cancellation {unknown}
 v - a potion of invisibility {unknown}


   Skills:
 - Level 2.0 Dodging
 - Level 2.0 Stealth
 + Level 8.7 Spellcasting
 - Level 10.0 Conjurations
 - Level 4.0 Translocations
 - Level 5.0 Evocations


You had 20 spell levels left.
You knew the following spells:

 Your Spells              Type           Power      Damage    Failure   Level
m - Iskenderun's Mystic   Conj/Tloc      44%        2d10      3%          4
s - Searing Ray           Conj           100%       2d8       1%          2

Your spell library contained the following spells:

 Spells                   Type           Power      Damage    Failure   Level
 Sandblast                Erth           20%        2d7       6%          1
 Magic Dart               Conj           100%       1d8       1%          1
 Dazzling Flash           Conj/Hex       68%        N/A       2%          3
 Sting                    Tmut/Pois      40%        1d5       6%          1
 Portal Projectile        Hex/Tloc       40%        N/A       8%          3
 Fulminant Prism          Conj/Hex       17%        3d11      8%          4
 Poisonous Vapours        Pois/Air       20%        N/A       9%          2
 Sublimation of Blood     Necr           10%        N/A       9%          2
 Passage of Golubria      Tloc           29%        N/A       12%         4
 Call Canine Familiar     Summ           10%        N/A       19%         3
 Tukima's Dance           Hex            10%        N/A       19%         3
 Dispel Undead            Necr           10%        3d9       52%         4
 Leda's Liquefaction      Hex/Erth       5%         N/A       52%         4
 Olgreb's Toxic Radiance  Pois           10%        N/A       52%         4
 Lee's Rapid Deconstruct  Erth           5%         3d7*      86%         5
 Yara's Violent Unravell  Hex/Tmut       5%         3d4       86%         5
 Lehudib's Crystal Spear  Conj/Erth      17%        10d5      100%        8


Dungeon Overview and Level Annotations

Branches:
Dungeon (7/15)             Temple (1/1) D:6

Altars:
Ashenzari
Cheibriados
Dithmenos
Elyvilon
Fedhas
Gozag
Hepliaklqana
Kikubaaqudgha
Makhleb
Nemelex Xobeh
Ru
Sif Muna
Trog
Uskayaw
Vehumet
Wu Jian
Xom
Yredelemnul
Zin
The Shining One

Shops:
D:4 [   D:5 =

Annotations:
D:4 1 runed translucent door, kae's ghost, novice TeFE


Message History

The searing ray hits the troll!
The troll is severely wounded. (Press . to maintain the ray.)
The searing ray hits the troll.
The troll is almost dead.
The searing ray hits the troll.
The troll is almost dead.
The searing ray hits the troll!
You kill the troll!
Vehumet accepts your kill.
You finish channelling your searing ray.
A vampire comes into view.
It is wielding a +1 great sword of protection and wearing a +1 robe of willpower.
Training target 10.0 for Conjurations reached!
Your Conjurations skill increases to level 10!
The vampire unwields a +1 great sword of protection.
The vampire wields a +1 hand crossbow of flaming.
It bursts into flame!
The vampire shoots a bolt.
The bolt hits you!
* * * LOW HITPOINT WARNING * * *
The bolt burns you.
* * * LOW HITPOINT WARNING * * *
Things that are here:
a +0 short sword; a +0 chain mail; 10 gold pieces
Okay, then.
Unknown command.
As you read the scroll of fog, it crumbles to dust.
The scroll dissolves into smoke.
You now have 723 gold pieces (gained 10).
Things that are here:
a +0 whip; 22 stones; a +0 leather armour The vampire mumbles some strange words.
The vampire flickers and vanishes!
Deactivating autopickup; reactivate with Ctrl-A.
Things that are here:
a +0 dagger; a +0 robe; an orc corpse A bolt appears from out of thin air!
The bolt hits you!
* * * LOW HITPOINT WARNING * * *
The bolt burns you.
* * * LOW HITPOINT WARNING * * *
A bolt appears from out of thin air!
The bolt hits you!
You die...

##......................###
###........#..........##
####................##
V###.....##.<.......
#..###...####.......
.)#..###...##.......
#)#.#).###..........
#§#.#.#..###........
#§#.#.#.#).@........
#§#.#.#..###..##.#..
#§#)#..####....####.
#§#§{####♣.#..##
#§§####♣...#...# #
#§####♣....♣#..... ####.#
#♣....P..#.##........ ..###
....P♣..♣#.# #........
#...####♣....P..#.#
#.........


There were no monsters in sight!

Vanquished Creatures
  A deep elf pyromancer (D:7)
  A manticore (D:7)
  A gargoyle (D:7)
  A troll (D:7)
  Prince Ribbit (D:7)
  A slime creature (D:7)
  A vampire (D:7)
  A wraith (D:7)
  A water moccasin (D:7)
  2 sky beasts
  A black bear (D:6)
  2 orc warriors (D:7)
  An ogre (D:6)
  2 phantoms (D:6)
  A necrophage (D:6)
  2 scorpions
  7 wights
  A howler monkey (D:7)
  A hound (D:4)
  A jelly (D:7)
  3 orc priests
  An iguana (D:3)
  6 orc wizards
  Robin (D:2)
  7 gnolls
  11 adders
  A shadow imp (D:7)
  3 ufetubi
  A worm (D:4)
  5 dart slugs
  18 orcs
  10 bats
  6 endoplasms
  4 giant cockroaches
  20 goblins
  16 hobgoblins
  4 jackals (D:5)
  5 quokkas
  3 ball pythons
  A frilled lizard (D:1)
  6 kobolds
  4 rats
166 creatures vanquished.

Vanquished Creatures (others)
  11 plants (D:1)
11 creatures vanquished.

Grand Total: 177 creatures vanquished

Notes
Turn   | Place    | Note
-------+----------+-------------------------------------------
     0 | D:1      | Armakuni the Human Conjurer began the quest for the Orb.
     0 | D:1      | Reached XP level 1. HP: 13/13 MP: 3/3
   159 | D:1      | Found a faded altar of an unknown god.
   186 | D:1      | Reached XP level 2. HP: 19/19 MP: 1/5
   189 | D:1      | Learned a level 2 spell: Searing Ray
   477 | D:1      | Reached XP level 3. HP: 24/24 MP: 1/6
  1491 | D:2      | Found a shadowy altar of Dithmenos.
  1500 | D:2      | Reached XP level 4. HP: 30/30 MP: 5/8
  1825 | D:2      | Noticed Robin
  1830 | D:2      | Killed Robin
  1929 | D:2      | You fall into a shaft and drop 2 floors!
  1948 | D:3      | Reached skill level 5 in Conjurations
  1982 | D:4      | Reached XP level 5. HP: 35/35 MP: 5/10
  2024 | D:4      | Found Gunay's Armour Shop.
  2060 | D:3      | Got Luptugil's Reference Book on Black Rites and Clay
  3173 | D:3      | Reached XP level 6. HP: 41/41 MP: 7/12
  3178 | D:3      | Learned a level 4 spell: Iskenderun's Mystic Blast
  3324 | D:3      | Noticed a sky beast
  3350 | D:3      | HP: 2/41 [something (6)]
  3351 | D:3      | Killed a sky beast
  3352 | D:3      | Reached skill level 6 in Conjurations
  4075 | D:4      | Found a runed translucent door.
  4075 | D:4      | Noticed kae's ghost (novice TeFE)
  4452 | D:5      | Entered Level 5 of the Dungeon
  4452 | D:5      | Found Zoexeral's Jewellery Emporium.
  4633 | D:5      | Reached skill level 1 in Evocations
  4643 | D:5      | Reached XP level 7. HP: 41/46 MP: 7/13
  5314 | D:5      | Identified a scroll of acquirement
  5314 | D:5      | Acquired 685 gold pieces
  5437 | D:4      | Bought the +1 helmet of Boredom {rPois rN++} for 436 gold
                  | pieces
  5630 | D:6      | Reached skill level 5 in Evocations
  5630 | D:6      | Reached XP level 8. HP: 22/52 MP: 6/15
  5876 | D:6      | Reached skill level 1 in Translocations
  5900 | D:6      | Reached skill level 5 in Spellcasting
  6118 | D:6      | Found a staircase to the Ecumenical Temple.
  6133 | Temple   | Entered the Ecumenical Temple
  6450 | Temple   | Became a worshipper of Vehumet
  7144 | D:7      | Noticed Prince Ribbit
  7147 | D:7      | Reached skill level 7 in Conjurations
  7148 | D:7      | Killed Prince Ribbit
  7149 | D:7      | Reached XP level 9. HP: 57/57 MP: 17/17
  7370 | D:7      | Reached skill level 8 in Conjurations
  7548 | D:7      | Noticed a slime creature
  7554 | D:7      | Killed a slime creature
  7557 | D:7      | Reached * piety under Vehumet
  7557 | D:7      | Offered knowledge of Sandblast by Vehumet.
  7578 | D:7      | Noticed a deep elf pyromancer
  7582 | D:7      | Killed a deep elf pyromancer
  7583 | D:7      | Reached skill level 9 in Conjurations
  7583 | D:7      | Reached XP level 10. HP: 61/63 MP: 19/21
  7583 | D:7      | Noticed a manticore
  7588 | D:7      | Killed a manticore
  7589 | D:7      | Noticed a gargoyle
  7595 | D:7      | Killed a gargoyle
  7616 | D:7      | Reached skill level 10 in Conjurations
  7630 | D:7      | Shot with a bolt by something

Illustrated notes

Levels and vault maps discovered:
D:1:      matt_arrival_spirals, layout_basic,
          shapermc_ecumenical_altar_mp_highgroup, serial_bayou,
          serial_bayou_pond_d, serial_bayou_pond_d, serial_bayou_ford_a,
          serial_bayou_lagoon_a
D:2:      layout_loops_ring, basic_altar, uniq_robin
D:3:      layout_basic, corner_web_ring, kennysheep_generic_room_2
D:4:      layout_basic, serial_shops, nicolae_shop_stone,
          hellmonk_ghost_happy_afterlife
D:5:      layout_gridville, serial_shops, nicolae_stop_n_shop_1
D:6:      layout_cave_pools, minmay_temple_entry_large_hall
D:7:      minmay_the_grid_triangle_9x9_rhombus_thin
          [minmay_the_grid_triangle_9x9_fully_insulated_deathbox,
          minmay_the_grid_triangle_9x9_prize_schism,
          minmay_the_grid_triangle_9x9_shrine,
          minmay_the_grid_triangle_9x9_flanged_cone], layout_cave_pools,
          nicolae_overflow_squiral, uniq_prince_ribbit1
Temple:   mainiacjoe_temple_cubbyholes

Skill      XL: |  1  2  3  4  5  6  7  8  9 10 |
---------------+-------------------------------+-----
Spellcasting   | 3 4 5 7 8 |  8.7
Conjurations   | 5 6 7 9 10 | 10.0
Evocations     | 1 5 |  5.0
Translocations | 3 4 |  4.0
Dodging        | |  2.0
Stealth        | |  2.0

Action                   |  1- 3 |  4- 6 |  7- 9 | 10-12 || total
-------------------------+-------+-------+-------+-------++-------
Melee: Long sword        |     3 |       |       |       ||     3
       Whip              |       |    18 |    17 |     1 ||    36
 Cast: Magic Dart        |    13 |       |       |       ||    13
       Searing Ray       |    23 |    49 |    47 |     4 ||   123
       Iskenderun's Myst |       |       |     7 |     1 ||     8
Evoke: Wand              |       |       |    15 |     7 ||    22
  Use: Scroll            |     4 |     2 |    11 |     1 ||    18
       Potion            |     1 |     5 |     1 |       ||     7
 Stab: Distracted        |       |     1 |       |       ||     1
Armor: Robe              |     4 |    17 |    17 |       ||    38
Dodge: Dodged            |    28 |    25 |    51 |       ||   104
Block: Other             |       |       |     9 |       ||     9
       Reflection        |       |       |     1 |       ||     1

Table legend: (Time is in decaauts)
 A = Elapsed time spent in this place.
 B = Non-inter-level travel time spent in this place.
 C = Inter-level travel time spent in this place.
 D = Time resting spent in this place.
 E = Time spent auto-exploring this place.
 F = Levels seen in this place.
 G = Mean time per level.
                   A        B        C        D        E       F      G
               +--------+--------+--------+--------+--------+-----+--------+
         Total |   7661 |   7330 |    331 |   1516 |   4187 |   8 |  957.6 |
       Dungeon |   7307 |   7038 |    269 |   1516 |   3900 |   7 | 1043.9 |
        Temple |    353 |    291 |     62 |      0 |    287 |   1 |  353.0 |
               +--------+--------+--------+--------+--------+-----+--------+

Top non-repeatable levels by time:
     D:3: 1454 daAuts
     D:5: 1398 daAuts
     D:1: 1331 daAuts
     D:2: 1141 daAuts
     D:6: 888 daAuts
     D:4: 606 daAuts
     D:7: 488 daAuts
  Temple: 353 daAuts
